 Dungeon Crawl Stone Soup version 0.22-b1-59-g0aedee7 (webtiles) character file.

1250 troglodite the Skirmisher (level 8, -5/96 HPs)
             Began as a Demonspawn Berserker on Aug 9, 2018.
             Was a Priest of Trog.
             Slain by an orc warrior
             ... wielding a +1 hand axe of electrocution
              (16 damage)
             ... on level 7 of the Dungeon.
             The game lasted 00:15:23 (5966 turns).

troglodite the Skirmisher (Demonspawn Berserker)    Turns: 5966, Time: 00:15:26

Health: -5/96      AC: 12    Str: 23    XL:     8   Next: 26%
Magic:  8/8        EV: 10    Int:  8    God:    Trog [***...]
Gold:   375        SH:  0    Dex: 17    Spells: 7/7 levels left

rFire    . . .     SeeInvis .   a - +0 falchion
rCold    . . .     Gourm    .   (no shield)
rNeg     . . .     Faith    .   q - +0 chain mail
rPois    .         Spirit   .   f - +0 helmet
rElec    .         Reflect  .   (no cloak)
rCorr    .         Harm     .   (no gloves)
MR       .....                  t - +0 pair of boots (curse)
Stlth    ..........             (no amulet)
HPRegen  1.26/turn              e - +2 ring of dexterity
MPRegen  0.11/turn              (no ring)

@: berserking (expiring), very quick
A: claws 2, powered by death 1, powered by pain 1
a: Berserk, Trog's Hand, Renounce Religion


You were on level 7 of the Dungeon.
You worshipped Trog.
Trog was most pleased with you.
You were hungry.

You visited 1 branch of the dungeon, and saw 7 of its levels.

You collected 375 gold pieces.

Inventory:

Hand Weapons
 a - a +0 falchion (weapon)
Armour
 f - a +0 helmet (worn)
 q - a +0 chain mail (worn)
 t - a cursed +0 pair of boots (worn)
Jewellery
 e - a +2 ring of dexterity (left claw)
Wands
 p - a wand of iceblast (8)
Scrolls
 b - a scroll of enchant armour {unknown}
 d - 2 scrolls of random uselessness {unknown}
 g - 7 scrolls of identify {unknown}
 h - a scroll of noise {unknown}
 j - 2 scrolls of fear {unknown}
 l - 3 scrolls of amnesia {unknown}
 m - 2 scrolls of blinking {unknown}
 o - a scroll of teleportation {unknown}
 r - 6 scrolls of remove curse {unknown}
 s - a scroll of magic mapping {unknown}
 w - a scroll of fog {unknown}
Potions
 i - 4 potions of might {unknown}
 k - 4 potions of degeneration {unknown}
 n - 2 potions of heal wounds {unknown}
 u - 2 potions of lignification {unknown}
 v - a potion of curing {unknown}
 x - a potion of haste {unknown}
 z - a potion of agility {unknown}
 B - a potion of magic {unknown}
 C - a potion of resistance {unknown}
Comestibles
 c - 7 rations


   Skills:
 * Level 6.1 Fighting
 + Level 5.7 Long Blades
 * Level 4.9 Armour
 * Level 3.5 Dodging
 + Level 0.2 Stealth


You had 7 spell levels left.
You didn't know any spells.
Your spell library was empty.

Dungeon Overview and Level Annotations

Branches:
Dungeon (7/15)
 Temple: D:4-7

Altars:
Fedhas
Nemelex Xobeh
Vehumet
Xom

Shops:
D:5 (

Annotations:
D:4 3 runed doors, lorenzova's ghost, amateur DECj


Innate Abilities, Weirdness & Mutations

You have very sharp fingernails.
You regenerate a little health from kills.
You sometimes gain a little power by taking damage.


Message History

The orc warrior is moderately wounded.
The orc wizard hits you but does no damage.
The orc warrior hits you with a hand axe of electrocution!
You slash the orc warrior!
The orc warrior is severely wounded.
The orc wizard casts a spell at you. The magic dart hits you!
The orc wizard barely misses you.
You riposte.
You closely miss the orc wizard. You hit the orc warrior.
The orc warrior is almost dead.
The orc warrior hits you with a hand axe of electrocution!
You are electrocuted!
* * * LOW HITPOINT WARNING * * *
You hit the orc warrior.
The orc warrior is almost dead.
The orc wizard hits you but does no damage.
The orc warrior hits you with a hand axe of electrocution.
* * * LOW HITPOINT WARNING * * *
You are electrocuted!
You die...

...........#
#......#####.....#
#......#...#.....#
#......+...'.....#
#......#...#.....#
#......#...#.....#
#......#...#.....#
#...o.o#...#.....#
#(..)@.'...#.....#
#......#...#.....#
#......#####.....#
######## #######


You could see an orc warrior and an orc wizard.

Vanquished Creatures
  Duvessa (D:5)
  A phantom (D:4)
  3 ogres
  A centaur (D:6)
  Dowan (D:5)
  A howler monkey (D:7)
  4 crimson imps (D:3)
  A hound (D:5)
  A jelly (D:5)
  3 orc priests
  3 orc wizards
  3 worker ants (D:4)
  A hound zombie (D:6)
  A hound skeleton (D:4)
  2 worker ant zombies (D:5)
  2 adders
  4 worms
  2 dart slugs
  4 leopard geckos
  18 orcs
  A ball python (D:2)
  5 giant cockroaches
  11 hobgoblins
  2 jackals (D:1)
  13 kobolds
  2 quokkas (D:3)
  6 bats
  3 frilled lizards
  2 goblins
  A leopard gecko skeleton (D:5)
  6 rats
109 creatures vanquished.

Notes
Turn   | Place    | Note
-------+----------+-------------------------------------------
     0 | D:1      | troglodite the Demonspawn Berserker began the quest for the Orb.
     0 | D:1      | Reached XP level 1. HP: 18/18 MP: 1/1
   195 | D:1      | Gained mutation: You sometimes gain a little power by taking damage. [demonic ancestry]
   195 | D:1      | Reached XP level 2. HP: 6/24 MP: 2/2
   903 | D:1      | You fall through a shaft!
  1410 | D:2      | Reached XP level 3. HP: 25/29 MP: 3/3
  1529 | D:2      | Found a blossoming altar of Fedhas.
  1598 | D:2      | Reached ** piety under Trog
  1966 | D:3      | Reached skill level 4 in Fighting
  1966 | D:3      | Reached XP level 4. HP: 10/37 MP: 4/4
  2315 | D:3      | Gained mutation: You have sharp fingernails. [demonic ancestry]
  2315 | D:3      | Reached XP level 5. HP: 32/43 MP: 5/5
  2385 | D:3      | Found a shimmering altar of Xom.
  2556 | D:3      | Found a radiant altar of Vehumet.
  2562 | D:3      | Found a sparkling altar of Nemelex Xobeh.
  2644 | D:3      | Gained mutation: You regenerate a little health from kills. [demonic ancestry]
  2644 | D:3      | Reached XP level 6. HP: 49/50 MP: 6/6
  2905 | D:3      | Reached skill level 5 in Fighting
  3338 | D:4      | Found a runed gate.
  3338 | D:4      | Found a runed gate.
  3338 | D:4      | Found a runed gate.
  3359 | D:4      | Reached *** piety under Trog
  3417 | D:4      | Noticed lorenzova's ghost (amateur DECj)
  3704 | D:4      | Reached XP level 7. HP: 26/56 MP: 7/7
  3978 | D:5      | Entered Level 5 of the Dungeon
  3983 | D:5      | Noticed Dowan
  3983 | D:5      | Noticed Duvessa
  3996 | D:5      | Killed Duvessa
  3996 | D:5      | Reached skill level 5 in Long Blades
  4018 | D:5      | Killed Dowan
  4755 | D:5      | Gained mutation: You have very sharp fingernails. [demonic ancestry]
  4755 | D:5      | Reached XP level 8. HP: 61/64 MP: 8/8
  4788 | D:5      | Found Neleeb's Weapon Shop.
  5955 | D:7      | Reached skill level 6 in Fighting
  5966 | D:7      | Slain by an orc warrior

Skill      XL: |  1  2  3  4  5  6  7  8 |
---------------+-------------------------+-----
Long Blades    | 3 4 5 |  5.7
Dodging        | 2 3 |  3.5
Armour         | 2 3 4 |  4.9
Fighting       | 4 5 6 |  6.1
Stealth        | |  0.2

Action                   |  1- 3 |  4- 6 |  7- 9 || total
-------------------------+-------+-------+-------++-------
Melee: Falchion          |   110 |   271 |   140 ||   521
Invok: Berserk           |     2 |     4 |     6 ||    12
  Eat: Chunk             |     5 |     6 |     7 ||    18
       Ration            |       |     1 |     2 ||     3
Armor: Animal skin       |    14 |       |       ||    14
       Ring mail         |    25 |       |       ||    25
       Chain mail        |    10 |   144 |    79 ||   233
Dodge: Dodged            |    78 |   105 |    61 ||   244
       Rpst.: Falchion   |    22 |    28 |    22 ||    72
